 Dungeon Crawl Stone Soup version 0.25.0-9-g26727b657a (webtiles) character file.

Game seed: 3016516560600243488

126 Descartes the Sneak (level 4, -5/18 HPs)
             Began as a Felid Enchanter on June 20, 2020.
             Slain by Natasha (7 damage)
             ... on level 2 of the Dungeon.
             The game lasted 00:04:01 (2403 turns).

Descartes the Sneak (Felid Enchanter)               Turns: 2403, Time: 00:04:01

Health: -5/18      AC:  1    Str:  5    XL:     4   Next: 83%
Magic:  7/8        EV: 19    Int: 17    God:
Gold:   90         SH:  0    Dex: 16    Spells: 4/7 levels left
                                        Lives:  0   Deaths: 1

rFire    . . .     SeeInvis +     - Unarmed
rCold    . . .     Gourm    .   (shield unavailable)
rNeg     . . .     Faith    .   (armour unavailable)
rPois    .         Spirit   .   (helmet unavailable)
rElec    .         Reflect  .   (cloak unavailable)
rCorr    .         Harm     .   (gloves unavailable)
MR       .....                  (boots unavailable)
Stlth    ++++......             (no amulet)
HPRegen  0.06/turn              (no ring)
MPRegen  0.11/turn              (no ring)

@: quick
A: very small, no armour, no weapons or thrown items, stealth, claws 1, fangs 3,
see invisible, carnivore, speed 1, shaggy fur 1, slow metabolism 1, sharp paws
a: no special abilities


You were on level 2 of the Dungeon.
You were not hungry.

You visited 1 branch of the dungeon, and saw 2 of its levels.

You collected 90 gold pieces.

Inventory:

Missiles
 a - 81 stones
Scrolls
 d - a scroll of teleportation {unknown}
 g - a scroll of identify {unknown}
Potions
 c - a potion of curing {unknown}
 e - a potion of degeneration {unknown}
 f - a potion of haste {unknown}
Comestibles
 b - 5 rations


   Skills:
 + Level 4.0 Dodging
 * Level 6.1 Stealth
 * Level 3.3 Unarmed Combat
 - Level 2.0 Spellcasting
 + Level 5.5 Hexes


You had 4 spell levels left.
You knew the following spells:

 Your Spells              Type           Power        Failure   Level  Hunger
a - Corona                Hex            ###....      1%          1    #......
b - Ensorcelled Hibernat  Hex/Ice        ##....       10%         2    ###....

Your spell library contained the following spells:

 Spells                   Type           Power        Failure   Level  Hunger
 Confusing Touch          Hex            ###.....     6%          3    ###....
 Tukima's Dance           Hex            ###.....     6%          3    ###....
 Dazzling Flash           Conj/Hex       ##....       19%         3    ###....


Dungeon Overview and Level Annotations

Branches:
Dungeon (2/15)

Altars:
Cheibriados

Annotations:
D:2 Jessica, Natasha


Innate Abilities, Weirdness & Mutations

You cannot wear armour.
You are incapable of wielding weapons or throwing items.
Your paws allow you to move quietly. (Stealth)
You have sharp claws.
You have razor-sharp teeth.
You have supernaturally acute eyesight. (SInv)
You are carnivorous and can eat meat at any time.
You cover ground quickly.
You are covered in fur. (AC +1)
You have a slow metabolism.
Your sharp claws are effective at attacking unaware monsters.


Message History

You scratch Natasha.
Natasha is lightly wounded.
Natasha claws you.
You completely miss Natasha.
Natasha is lightly wounded.
Natasha growls.
Natasha casts a spell at you. You resist with some effort.
You scratch Natasha but do no damage. You bite Natasha, but do no damage.
Natasha is lightly wounded.
Natasha claws you!
Ouch! That really hurt!
* * * LOW HITPOINT WARNING * * *
You scratch Natasha.
Natasha is moderately wounded.
Natasha misses you.
You scratch Natasha but do no damage.
Natasha is moderately wounded.
Natasha claws you!
You die...

.....#.#...#.....#...####....####
.....#...#.#.....................
.....##.#..#..[.##...####....####
....†###..##.#####.......###'####
#######..#)#.# #.......#[......
[...#..#..#.# #.......#.......
#...#.#..)#.# #...............
##.. ##..###.#####........###....
...#####.###...h@.........# ##.##
.....# #.#.#..........##### #..#
...#.###...#......##### ##.#
..%......#.#......# #..
.........#.#......# ##.
...........#......# #.
.............###### #.
#'#†.........# ## $.#.h....#...#
#


You could see Natasha (corona).

Vanquished Creatures
  Sigmund (D:2)
  Natasha (D:2)
  An adder (D:2)
  An ooze (D:1)
  A worm (D:2)
  2 dart slugs (D:2)
  A leopard gecko (D:1)
  A giant cockroach (D:1)
  3 hobgoblins
  5 kobolds
  2 bats (D:1)
  4 goblins (D:1)
  3 rats (D:2)
26 creatures vanquished.

Notes
Turn   | Place    | Note
-------+----------+-------------------------------------------
     0 | D:1      | Descartes the Felid Enchanter began the quest for the Orb.
     0 | D:1      | Reached XP level 1. HP: 7/7 MP: 4/4
   381 | D:1      | Reached XP level 2. HP: 7/11 MP: 6/6
  1297 | D:2      | Noticed Natasha
  1303 | D:2      | Noticed Jessica
  1311 | D:1      | Learned a level 2 spell: Ensorcelled Hibernation
  1393 | D:2      | Reached XP level 3. HP: 6/14 MP: 3/7
  1665 | D:2      | Noticed Sigmund
  1679 | D:2      | Killed Sigmund
  1679 | D:2      | Reached skill level 5 in Stealth
  1679 | D:2      | Reached skill level 5 in Hexes
  1679 | D:2      | Reached XP level 4. HP: 5/18 MP: 6/8
  1679 | D:2      | Reached XP level 5. HP: 5/21 MP: 6/9
  1930 | D:2      | Found a snail-covered altar of Cheibriados.
  1953 | D:2      | Slain by Natasha
  1954 | D:2      | Reached XP level 4. HP: -1/18 MP: 8/8
  2130 | D:2      | Killed Natasha
  2130 | D:2      | Reached skill level 6 in Stealth
  2394 | D:2      | Noticed Natasha
  2403 | D:2      | Slain by Natasha

Illustrated notes

Levels and vault maps discovered:
D:1:      dpeg_arrival_three_same_balls, layout_rooms
D:2:      layout_basic, marbit_many_paths, first_ration, uniq_natasha,
          uniq_jessica, uniq_sigmund

Skill      XL: |  1  2  3  4 |
---------------+-------------+-----
Dodging        | 3 4 |  4.0
Unarmed Combat | 2 3 |  3.3
Stealth        | 5 6 |  6.1
Hexes          | 5 |  5.5
Spellcasting   | |  2.0

Action                   |  1- 3 |  4- 6 || total
-------------------------+-------+-------++-------
Melee: Unarmed           |    65 |    30 ||    95
       Bite              |     5 |     1 ||     6
       Punch             |     2 |       ||     2
 Cast: Corona            |     2 |     5 ||     7
       Ensorcelled Hiber |     1 |     3 ||     4
 Stab: Sleeping          |    13 |     1 ||    14
  Eat: Chunk             |     5 |     2 ||     7
Armor: Skin              |     2 |     1 ||     3
Dodge: Dodged            |    41 |    15 ||    56
